 Dungeon Crawl Stone Soup version 0.30-b1-2-g02819fbbbe (webtiles) character file.

Game seed: 9860088845554882074

25 MisterFreud the Ducker (level 2, -1/14 HPs)
             Began as a Felid Berserker on Aug 21, 2023.
             Was a Follower of Trog.
             Slain by a kobold
             ... wielding a +0 club
              (4 damage)
             ... on level 1 of the Dungeon.
             The game lasted 00:00:44 (290 turns).

MisterFreud the Ducker (Felid Berserker)             Turns: 290, Time: 00:00:44

Health: -1/14      AC:  1    Str: 13    XL:     2   Next: 82%
Magic:  3/3        EV: 18    Int:  8    God:    Trog [*.....]
Gold:   0          SH:  0    Dex: 15    Spells: 1/1 levels left
                                        Lives:  0   Deaths: 0

rFire   . .          .
                       - Unarmed
rCold   . . .        (shield unavailable)
rNeg    . . .        (body armour unavailable)
rPois   .            (helmet unavailable)
rElec   .            (cloak unavailable)
rCorr   .            (gloves unavailable)
SInv    +            (boots unavailable)
Will    .....        (no amulet)
Stlth   ++           (no ring)
HPRegen 0.22/turn    (no ring)
MPRegen 0.08/turn

%: no passive effects
@: quick
A: very small, claws 1, fangs 3, see invisible, speed 1, shaggy fur 1, stealthy
paws, no weapons or thrown items, no armour, multi-lived
a: Renounce Religion, Berserk


You were on level 1 of the Dungeon.
You worshipped Trog.
Trog was aware of your devotion.
You visited 1 branch of the dungeon, and saw 1 of its levels.

Inventory:

Scrolls
 a - a scroll of blinking {unknown}
 b - a scroll of fog {unknown}
 c - a scroll of identify {unknown}


   Skills:
 - Level 3.1 Fighting
 - Level 4.2 Dodging
 + Level 1.7 Stealth
 + Level 3.5 Unarmed Combat


You had one spell level left.
You didn't know any spells.
Your spell library was empty.

Dungeon Overview and Level Annotations

Branches:
Dungeon (1/15)

Altars:

Shops:
D:1 ?


Innate Abilities, Weirdness & Mutations

You have sharp claws.
You have razor-sharp teeth.
You have supernaturally acute eyesight. (SInv)
You cover ground quickly. (Speed+)
You are covered in fur. (AC +1)
Your paws help you pounce on unaware monsters.
You are incapable of wielding weapons or throwing items.
You cannot wear armour.
You gain extra lives every three experience levels.


Message History

There are monsters nearby!
You scratch the dart slug.
You kill the dart slug!
Trog accepts your kill. The bat completely misses you.
A kobold comes into view. It is wielding a +0 club.
A frilled lizard comes into view.
The hobgoblin hits you. The bat hits you. The bat hits you.
The bat attacks as you move away! The bat hits you but does no damage.
The bat closely misses you. The bat hits you.
You claw the bat!
You kill the bat!
Trog accepts your kill.
You scratch the hobgoblin but do no damage.
You scratch the hobgoblin.
The hobgoblin is heavily wounded.
The hobgoblin closely misses you.
You barely miss the hobgoblin.
The hobgoblin is heavily wounded.
The hobgoblin completely misses you.
You scratch the hobgoblin but do no damage.
You claw the hobgoblin, but do no damage.
Your bite misses the hobgoblin.
The hobgoblin is heavily wounded.
The hobgoblin misses you.
You scratch the hobgoblin.
The hobgoblin is almost dead.
The hobgoblin completely misses you.
You scratch the hobgoblin but do no damage.
The hobgoblin is almost dead.
The hobgoblin hits you.
* * * LOW HITPOINT WARNING * * *
You barely miss the hobgoblin. You bite the hobgoblin.
You kill the hobgoblin!
Trog accepts your kill.
You barely miss the kobold. The kobold hits you with a +0 club.
You die...

.. ..#..........#.......##.. #.
....###..###......)..###. #.>
#.. #..# #............
###..##.# ##†.## ##.......###.
[....l..####....####.......# #.
.........##..##..##.....#### #.
.........................#####.
..K..........##................
.....∩.......K@.........##.....
##.#.........##>...............
#...........................
#.........#...>.............
..#######..#....[............
... ..................... ..
.##.................)† .
###....###..........
.......#......:


You could see a kobold.

Vanquished Creatures
  2 dart slugs (D:1)
  A ball python (D:1)
  A bat (D:1)
  An endoplasm (D:1)
  3 hobgoblins (D:1)
  4 jackals (D:1)
  A kobold (D:1)
  2 goblins (D:1)
  3 rats (D:1)
18 creatures vanquished.

Vanquished Creatures (others)
  A plant (D:1)
1 creature vanquished.

Grand Total: 19 creatures vanquished

Notes
Turn   | Place    | Note
-------+----------+-------------------------------------------
     0 | D:1      | MisterFreud the Felid Berserker began the quest for the
                  | Orb.
     0 | D:1      | Reached XP level 1. HP: 10/10 MP: 2/2
    65 | D:1      | Reached XP level 2. HP: 14/14 MP: 3/3
   139 | D:1      | Reached skill level 1 in Stealth
   176 | D:1      | Found a faded altar of an unknown god.
   261 | D:1      | Found Huometirr's Magic Scroll Shop.
   290 | D:1      | Slain by a kobold

Illustrated notes

Levels and vault maps discovered:
D:1:      elethiomel_arrival_quiet, layout_rooms,
          dreamdust_ecumenical_altar_grove, serial_shops, shop, grunt_decor_cap,
          palyth_stone_intersect

Skill      XL: |  1  2 |
---------------+-------+-----
Stealth        | 1 |  1.7
Fighting       | |  3.1
Dodging        | |  4.2
Unarmed Combat | |  3.5

Action                     || total
---------------------------++-------
  Melee: Unarmed           ||    61
         Bite              ||    10
         Punch             ||     1
 Armour: Skin              ||     4
  Dodge: Dodged            ||    58
